 Dungeon Crawl Stone Soup version 0.29.1-15-g9cfb28693d (webtiles) character file.

Game seed: 3774279774308315727

14 Heoruswealwe the Digger (level 2, -1/15 HPs)
             Began as a Deep Elf Earth Elementalist on Apr 4, 2023.
             Slain by Sigmund
             ... wielding a +0 scythe
              (11 damage)
             ... on level 2 of the Dungeon.
             The game lasted 00:01:04 (81 turns).

Heoruswealwe the Digger (Deep Elf Earth Elementalist) Turns: 81, Time: 00:01:04

Health: -1/15      AC:  2    Str:  5    XL:     2   Next: 27%
Magic:  5/8        EV: 12    Int: 19    God:
Gold:   13         SH:  0    Dex: 15    Spells: 5/8 levels left

rFire   . . .      SeeInvis .   (no weapon)
rCold   . . .      Faith    .   (no shield)
rNeg    . . .      Spirit   .   a - +0 robe
rPois   .          Reflect  .   (no helmet)
rElec   .          Harm     .   (no cloak)
rCorr   .          Rampage  .   (no gloves)
Will    .....                   (no boots)
Stlth   +.........              (no amulet)
HPRegen 0.05/turn               (no ring)
MPRegen 0.11/turn               (no ring)

@: confused
A: no striking features
a: no special abilities


You were on level 2 of the Dungeon.
You visited 1 branch of the dungeon, and saw 2 of its levels.

You collected 13 gold pieces.

Inventory:

Armour
 a - a +0 robe (worn)
Potions
 b - a potion of magic


   Skills:
 - Level 2.4 Dodging
 - Level 2.4 Stealth
 + Level 3.6 Spellcasting
 - Level 1.1 Transmutations
 + Level 3.7 Earth Magic


You had 5 spell levels left.
You knew the following spells:

 Your Spells              Type           Power      Damage    Failure   Level
a - Sandblast             Erth           34%        2d9       3%          1
z - Passwall              Tmut/Erth      10%        N/A       8%          2

Your spell library contained the following spells:

 Spells                   Type           Power      Damage    Failure   Level
 Stone Arrow              Conj/Erth      20%        3d8       21%         3
 Petrify                  Tmut/Erth      12%        N/A       45%         4


Dungeon Overview and Level Annotations

Branches:
Dungeon (1/15)

Altars:

Annotations:
D:2 Sigmund


Message History

Found 5 gold pieces.
A worm comes into view.
The blast of sand hits the worm.
The worm is moderately wounded.
The blast of sand hits the worm!
The worm is almost dead.
The blast of sand hits the worm!
You kill the worm!
You now have 5 gold pieces.
You now have 13 gold pieces (gained 8).
Found a hand axe and a sling.
Found a stone staircase leading up.
A rat comes into view.
There is a stone staircase leading up here.
The blast of sand hits the rat.
You kill the rat!
A ball python comes into view.
The ball python moves out of view.
Sigmund the Dreaded comes into view.
He is wielding a +0 scythe.
Found a club.
The blast of sand misses the ball python.
Sigmund shouts!
The ball python bites you. The ball python grabs you.
The ball python constricts you. The ball python bites you.
The ball python constricts you.
The blast of sand hits the ball python!
You kill the ball python!
Sigmund hits you from afar with a +0 scythe.
There is a stone staircase leading up here.
The blast of sand misses Sigmund.
Sigmund gestures at you while chanting.
You are confused.
You're too confused to cast spells.
Sigmund barely misses you.
You bump into the rock wall.
Sigmund casts a spell.
Sigmund flickers and vanishes!
Deactivating autopickup; reactivate with Ctrl-A.
You closely miss something. Something hits you!
Ouch! That really hurt!
You die...

#.##..........#
#.#
#.##†..##.###)#
#.# #.........#
#.###.#
###......##
#.....# #.#.##.#
#######
#.#.##.####
#.#.......#
#.####.##.#
#.####.##@##
#......#.{.#
########...###.##
#.........
#†..###...
#.......))...#.
.....†.........
#............#.
#.####...#####


There were no monsters in sight!

Vanquished Creatures
  An adder (D:2)
  A worm (D:2)
  A ball python (D:2)
  A rat (D:2)
4 creatures vanquished.

Notes
Turn   | Place    | Note
-------+----------+-------------------------------------------
     0 | D:1      | Heoruswealwe the Deep Elf Earth Elementalist began the
                  | quest for the Orb.
     0 | D:1      | Reached XP level 1. HP: 10/10 MP: 6/6
     5 | D:1      | You fall into a shaft and drop 1 floor!
    17 | D:2      | Reached XP level 2. HP: 15/15 MP: 5/8
    21 | D:2      | Learned a level 2 spell: Passwall
    69 | D:2      | Noticed Sigmund
    81 | D:2      | Slain by Sigmund

Illustrated notes

Levels and vault maps discovered:
D:1:      spicycebolla_green_bress_n_ham, layout_loops_ring,
          chequers_ecumenical_altar_island, minmay_misc_feat_columns,
          wad_floor_pattern_1
D:2:      layout_loops_cross, uniq_terence, uniq_crazy_yiuf_cottage,
          uniq_sigmund

Action                   || total
-------------------------++-------
Melee: Unarmed           ||     1
 Cast: Sandblast         ||     8
Dodge: Dodged            ||     1
